 Dungeon Crawl Stone Soup version 0.28-a0-1356-g2ad6d04315 (webtiles) character file.

Game seed: 511243343456998522

2496 Shayle the Covert (level 9, -1/84 HPs)
             Began as a Naga Warper on Dec 30, 2021.
             Was a Follower of the Shining One.
             Slain by an orc knight (11 damage)
             ... in a bailey.
             The game lasted 00:24:43 (9632 turns).

Shayle the Covert (Naga Warper)                     Turns: 9632, Time: 00:24:43

Health: -1/84      AC:  7    Str: 14    XL:     9   Next: 52%
Magic:  21/21      EV:  9    Int: 18    God:    the Shining One [*.....]
Gold:   301        SH:  0    Dex: 16    Spells: 1/12 levels left

rFire   . . .      SeeInvis +   g - +10 whip "Ixapsewk" {elec, *Rage rElec Will+++ MP+9}
rCold   + . .      Faith    .   (no shield)
rNeg    . . .      Spirit   .   l - +1 leather armour {Will+}
rPois   +          Reflect  .   (no helmet)
rElec   +          Harm     .   (no cloak)
rCorr   .          Rampage  .   (no gloves)
Will    +++++      Rage     20% (no barding)
Stlth   ++........              (no amulet)
HPRegen 0.24/turn               o - +6 ring of dexterity
MPRegen 0.17/turn               (no ring)

@: on berserk cooldown, slowed, glowing, very slow
A: AC +3, large, see invisible, deformed body, poison resistance, slowness 2,
spit poison 1, naga tail 1, iridescent scales 1, cold resistance 1
a: Spit Poison, Renounce Religion, Divine Shield


You were in a bailey.
You worshipped the Shining One.
The Shining One was aware of your devotion.
You visited 2 branches of the dungeon, and saw 9 of its levels.
You also visited: Bailey.

You collected 301 gold pieces.

Inventory:

Hand Weapons
 a - a +0 short sword
 g - the +10 whip "Ixapsewk" (weapon) {elec, *Rage rElec Will+++ MP+9}
   (You found it on level 5 of the Dungeon)

   It occasionally discharges a powerful burst of electricity upon striking a
   foe.
   rElec:     It insulates you from electricity.
   MP:        It affects your magic capacity (+9).
   *Rage:     It berserks you when you make melee attacks (+20% chance).
   Will:      It greatly increases your willpower.
 p - a +2 dagger of flaming
 E - a +2 shortbow of flaming
Missiles
 m - 42 poisoned darts (quivered)
 u - 6 boomerangs
 C - a silver boomerang
 F - 21 arrows
Armour
 b - a +0 leather armour
 l - a +1 leather armour of willpower (worn)
 t - a +0 ring mail
 w - a +2 robe of positive energy
Magical Staves
 n - a staff of air
Jewellery
 o - a +6 ring of dexterity (left hand)
 z - a ring of ice
Wands
 q - a wand of polymorph (14)
Scrolls
 c - a scroll of blinking
 k - a scroll of magic mapping {unknown}
 r - a scroll of enchant weapon {unknown}
 s - 2 scrolls of fear {unknown}
 x - 2 scrolls of identify
 y - 2 scrolls of immolation {unknown}
 D - a scroll of acquirement {unknown}
 G - a scroll of holy word {unknown}
Potions
 d - a potion of heal wounds {unknown}
 e - a potion of brilliance {unknown}
 f - 3 potions of haste
 h - a potion of ambrosia {unknown}
 i - 3 potions of mutation
 j - a potion of degeneration {unknown}
 v - a potion of lignification {unknown}
 A - a potion of berserk rage
 B - a potion of curing


   Skills:
 + Level 6.3 Fighting
 - Level 2.0 Short Blades
 - Level 0.8 Throwing
 - Level 0.7 Armour
 - Level 1.5 Dodging
 - Level 8.3 Stealth
 - Level 2.0 Spellcasting
 + Level 7.3 Translocations
 + Level 5.9 Air Magic
 + Level 3.2 Invocations


You had one spell level left.
You knew the following spells:

 Your Spells              Type           Power      Damage    Failure   Level
a - Blink                 Tloc           56%        N/A       1%          2
b - Manifold Assault      Tloc           28%        N/A       32%         5
c - Fulminant Prism       Conj/Hex       0%         3d6       92%         4

Your spell library contained the following spells:

 Spells                   Type           Power      Damage    Failure   Level
 Gell's Gravitas          Tloc           28%        N/A       3%          3
 Lesser Beckoning         Tloc           28%        N/A       3%          3
 Teleport Other           Tloc           28%        N/A       3%          3
 Static Discharge         Conj/Air       12%        N/A       11%         2
 Iskenderun's Mystic Bla  Conj/Tloc      14%        2d5       45%         4
 Dazzling Flash           Conj/Hex       2%         N/A       56%         3
 Lightning Bolt           Conj/Air       6%         1d18      88%         5
 Lee's Rapid Deconstruct  Erth           0%         3d5*      99%         5
 Starburst                Conj/Fire      0%         6d3       100%        6
 Malign Gateway           Summ/Tloc      7%         N/A       100%        7
 Maxwell's Capacitive Co  Air            11%        ∞         100%        8
 Summon Horrible Things   Summ           0%         N/A       100%        8


Dungeon Overview and Level Annotations

Branches:
Dungeon (8/15)             Temple (1/1) D:6            Lair (0/6) D:8
 Bailey (1/1)

Altars:
Ashenzari
Cheibriados
Dithmenos
Elyvilon
Fedhas
Gozag
Hepliaklqana
Kikubaaqudgha
Makhleb
Nemelex Xobeh
Okawaru
Qazlal
Ru
Sif Muna
Trog
Uskayaw
Vehumet
Wu Jian
Yredelemnul
Zin
The Shining One

Shops:
D:3 =   D:8 =

Annotations:
D:3 3 runed translucent doors, tonyyikes's ghost, amateur OpTm
D:7 Harold


Innate Abilities, Weirdness & Mutations

Your serpentine skin is tough. (AC +3)
You have supernaturally acute eyesight. (SInv)
Armour fits poorly on your strangely shaped body.
Your system is resistant to poisons. (rPois)
You cover ground very slowly.
You can spit poison.
You have a snake-like lower body.
You are partially covered in iridescent scales. (AC +2)
Your flesh is cold resistant. (rC+)


Message History

Items here: )) [[ ††.
Aiming: Spit Poison (1% risk of failure)
Press: ? - help, Shift-Dir - straight line, f - orc knight
Aim: an orc knight, wielding a +0 battleaxe and wearing a +0 plate armour (wandering, hasn't noticed you)
The splash of poison hits the orc knight but does no damage.
The orc knight is poisoned.
The orc knight shouts!
Throw: 44 darts (poison)
Press: ? - help, Q - select action, (/) - cycle Shift-Dir - straight line, f/p - orc knight
Aim: an orc knight, wielding a +0 battleaxe and wearing a +0 plate armour (lightly wounded, poisoned, 63% to hit)
You throw a poisoned dart.
The poisoned dart closely misses the orc knight.
The orc knight roars a battlecry!
Throw: 43 darts (poison)
Press: ? - help, Q - select action, (/) - cycle Shift-Dir - straight line, f/p - orc knight
Aim: an orc knight, wielding a +0 battleaxe and wearing a +0 plate armour (lightly wounded, poisoned, 63% to hit)
You throw a poisoned dart.
The poisoned dart barely misses the orc knight.
You hit the orc knight.
The orc knight is lightly wounded.
You have got your breath back.
The orc knight hits you with a +0 battleaxe!
The orc knight hits you with a +0 battleaxe!!
Unknown command.
You feel better.
The orc knight hits you with a +0 battleaxe!!
* * * LOW HITPOINT WARNING * * *
The orc knight hits you with a +0 battleaxe.
* * * LOW HITPOINT WARNING * * *
Unknown command.
Okay, then.
Throw: boomerang (disperse)
Press: ? - help, Q - select action, (/) - cycle Shift-Dir - straight line, f/p - orc knight
Aim: an orc knight, wielding a +0 battleaxe and wearing a +0 plate armour (lightly wounded, poisoned, haloed, 80% to hit)
You throw a boomerang of dispersal.
The boomerang of dispersal hits the orc knight but does no damage.
The orc knight is lightly wounded.
The orc knight looks more healthy.
The orc knight hits you with a +0 battleaxe!
You die...

≈≈≈≈≈≈...≈≈≈≈≈≈≈≈
≈≈≈≈≈≈...≈≈≈≈≈≈≈≈
##≈≈≈≈...≈≈≈≈##
#...........#
#####'''#####
#..'..)))'..#
#..((....'((#
#..#o.⌠(.#..#
.....#.o@).# ....
#.8...#.....#
.8.#
#.....####### ..#
#o8### g# #o. #
#o


You could see an orc knight and an orc (strong).

Vanquished Creatures
  A wraith (D:8)
  A wyvern (D:8)
  A water moccasin (D:5)
  2 orc warriors
  An ice beast (D:5)
  A sky beast (D:5)
  A black bear (D:6)
  An ogre (D:4)
  A hornet zombie (D:6)
  A necrophage (D:6)
  2 centaurs
  3 phantoms
  A kobold brigand (D:7)
  2 bullfrogs (D:6)
  A scorpion (D:7)
  A gnoll sergeant (D:5)
  2 killer bees (D:8)
  A centaur zombie (D:6)
  2 orc priests
  A hound (D:6)
  A jelly (D:6)
  A bullfrog skeleton (D:5)
  3 iguanas
  3 orc wizards
  A howler monkey skeleton (D:4)
  6 gnolls
  4 adders
  A white imp (D:5)
  An ufetubus (D:7)
  2 adder skeletons (D:4)
  2 worms (D:3)
  A dart slug (D:2)
  22 orcs
  4 bats
  14 endoplasms
  7 giant cockroaches
  11 goblins
  9 hobgoblins
  4 jackals (D:3)
  9 kobolds
  7 ball pythons
  6 frilled lizards
  4 rats
150 creatures vanquished.

Vanquished Creatures (others)
  2 bats (D:1)
  A fungus (D:1)
  7 plants
10 creatures vanquished.

Grand Total: 160 creatures vanquished

Notes
Turn   | Place    | Note
-------+----------+-------------------------------------------
     0 | D:1      | Shayle the Naga Warper began the quest for the Orb.
     0 | D:1      | Reached XP level 1. HP: 19/19 MP: 3/3
    17 | D:1      | Reached skill level 1 in Stealth
   290 | D:1      | Reached skill level 2 in Stealth
   347 | D:1      | Reached XP level 2. HP: 21/26 MP: 5/5
   459 | D:1      | Reached skill level 3 in Stealth
  1028 | D:1      | Reached skill level 4 in Stealth
  1168 | D:1      | Reached XP level 3. HP: 32/32 MP: 6/6
  2376 | D:2      | Reached skill level 5 in Stealth
  2617 | D:3      | Found Bycwej's Jewellery Shop.
  2937 | D:3      | HP: 1/32 [adder (4)]
  2939 | D:3      | Reached XP level 4. HP: 2/39 MP: 7/7
  3665 | D:3      | Reached skill level 6 in Stealth
  3712 | D:3      | Found a runed translucent gate.
  3712 | D:3      | Found a runed translucent gate.
  3714 | D:3      | Found a runed translucent gate.
  3716 | D:3      | Noticed tonyyikes's ghost (amateur OpTm)
  4475 | D:4      | Reached skill level 7 in Stealth
  4475 | D:4      | Reached XP level 5. HP: 40/45 MP: 8/8
  4490 | D:4      | Learned a level 2 spell: Blink
  4507 | D:4      | Noticed an ogre
  4509 | D:4      | Killed an ogre
  4878 | D:4      | Reached skill level 8 in Stealth
  5072 | D:4      | Reached XP level 6. HP: 43/52 MP: 9/9
  5327 | D:4      | Learned a level 5 spell: Manifold Assault
  5394 | D:5      | Entered Level 5 of the Dungeon
  5537 | D:4      | Reached skill level 1 in Air Magic
  5879 | D:5      | Noticed a water moccasin
  5886 | D:5      | Gained mutation: You are partially covered in iridescent
                  | scales. (AC +2) [potion of mutation]
  5886 | D:5      | Gained mutation: Your flesh is cold resistant. (rC+)
                  | [potion of mutation]
  5912 | D:5      | Killed a water moccasin
  5913 | D:5      | Reached XP level 7. HP: 35/61 MP: 10/10
  6260 | D:5      | Identified the +10 whip "Ixapsewk" {elec, *Rage rElec
                  | Will+++ MP+9}
  6802 | D:5      | Reached skill level 5 in Translocations
  6972 | D:5      | Reached XP level 8. HP: 72/72 MP: 11/11
  7592 | D:6      | Learned a level 4 spell: Fulminant Prism
  7610 | D:6      | Found a staircase to the Ecumenical Temple.
  7613 | D:6      | Reached skill level 5 in Fighting
  7631 | Temple   | Entered the Ecumenical Temple
  7982 | Temple   | Became a worshipper of the Shining One
  8105 | D:6      | Found a faded altar of an unknown god.
  8105 | D:6      | Found a basalt altar of Yredelemnul.
  8112 | D:6      | Found a faded altar of an unknown god.
  8114 | D:6      | Found a burning altar of Makhleb.
  8116 | D:6      | Found a broken altar of Ashenzari.
  8645 | D:7      | Reached skill level 5 in Air Magic
  8650 | D:7      | Reached skill level 1 in Invocations
  8650 | D:7      | Reached XP level 9. HP: 70/81 MP: 12/12
  8899 | D:7      | Noticed Harold
  9039 | D:8      | Found a staircase to the Lair.
  9234 | D:8      | Reached * piety under the Shining One
  9254 | D:8      | Found a flagged portal.
  9255 | D:8      | Found Varamihar's Jewellery Shoppe.
  9260 | Bailey   | Entered a bailey
  9598 | Bailey   | Noticed an orc knight
  9632 | Bailey   | Slain by an orc knight

Illustrated notes

Levels and vault maps discovered:
D:1:      dpeg_arrival_prison, layout_basic, lemuel_flame_loot_1
D:2:      layout_loops_ring, serial_bayou, serial_bayou_lake_a,
          serial_bayou_crossing, serial_bayou_pond_e, serial_bayou_pond_c
D:3:      layout_loops_ring, serial_shops, nicolae_diamond_shop,
          gammafunk_ghost_split, minmay_puff
D:4:      layout_rooms, serial_forest, infiniplex_forest_pool,
          infiniplex_forest_clump_C, infiniplex_forest_diagonal,
          infiniplex_forest_diagonal, infiniplex_forest_lined_2,
          infiniplex_forest_straight_1, infiniplex_forest_join
D:5:      layout_layer_cave
D:6:      layout_basic, chequers_temple_overflow_minitemple,
          minmay_temple_entry_trees
D:7:      layout_rooms, worms_lemuel, uniq_pikel, uniq_harold
D:8:      layout_cave_pools, lair_entry_dummy, serial_shops, shop_statue,
          enter_bailey_3
Temple:   hc_temple_tempest_star
Bailey:   bailey_axe_of_yendor_kennysheep, bailey

Skill      XL: |  1  2  3  4  5  6  7  8  9 |
---------------+----------------------------+-----
Stealth        | 2 4 5 7 8 |  8.3
Translocations | 4 5 6 7 |  7.3
Air Magic      | 1 3 5 |  5.9
Fighting       | 4 5 6 |  6.3
Invocations    | 1 3 |  3.2
Short Blades   | |  2.0
Throwing       | |  0.8
Armour         | |  0.7
Dodging        | |  1.5
Spellcasting   | |  2.0

Action                   |  1- 3 |  4- 6 |  7- 9 || total
-------------------------+-------+-------+-------++-------
Melee: Short sword       |   123 |    61 |       ||   184
       Dagger            |       |    85 |     8 ||    93
       Whip              |       |       |   146 ||   146
Throw: Boomerang         |     1 |     4 |     1 ||     6
       Dart              |       |       |    12 ||    12
 Cast: Manifold Assault  |       |       |     1 ||     1
 Abil: Spit Poison       |    18 |    37 |     2 ||    57
  Use: Scroll            |       |     1 |     2 ||     3
       Potion            |       |     5 |     1 ||     6
 Stab: Sleeping          |     5 |     8 |     6 ||    19
Armor: Leather armour    |    19 |    26 |    81 ||   126
Dodge: Dodged            |    54 |    58 |    91 ||   203

Table legend: (Time is in decaauts)
 A = Elapsed time spent in this place.
 B = Non-inter-level travel time spent in this place.
 C = Inter-level travel time spent in this place.
 D = Time resting spent in this place.
 E = Time spent auto-exploring this place.
 F = Levels seen in this place.
 G = Mean time per level.
                   A        B        C        D        E       F      G
               +--------+--------+--------+--------+--------+-----+--------+
         Total |  11869 |  11559 |    310 |   2452 |   6573 |  10 | 1186.9 |
       Dungeon |  10947 |  10724 |    223 |   2145 |   6184 |   8 | 1368.4 |
        Temple |    529 |    443 |     86 |      0 |    389 |   1 |  529.0 |
        Bailey |    393 |    393 |      0 |    307 |      0 |   1 |  393.0 |
               +--------+--------+--------+--------+--------+-----+--------+

Top non-repeatable levels by time:
     D:1: 2110 daAuts
     D:5: 1973 daAuts
     D:3: 1966 daAuts
     D:4: 1432 daAuts
     D:6: 1352 daAuts
     D:2: 1338 daAuts
  Temple: 529 daAuts
     D:8: 447 daAuts
  Bailey: 393 daAuts
     D:7: 325 daAuts
